 Dungeon Crawl Stone Soup version 0.31-a0-66-ge618eeaa78 (webtiles) character file.

Game seed: 3078335103448642374

9934 ytrimaz the Fighter (level 11, -11/120 HPs)
             Began as an Ogre Berserker on May 23, 2023.
             Was an Elder of Trog.
             Mangled by a skeletal warrior
             ... wielding a +5 flail
              (23 damage)
             ... on level 10 of the Dungeon.
             The game lasted 00:15:01 (8452 turns).

ytrimaz the Fighter (Ogre Berserker)                Turns: 8452, Time: 00:15:01

Health: -11/120    AC:  8    Str: 33    XL:     11   Next: 54%
Magic:  11/11      EV:  9    Int:  8    God:    Trog [****..]
Gold:   218        SH:  0    Dex:  8    Spells: 10/10 levels left

rFire   . . .        s - +0 flail (protect)
rCold   . . .        (no shield)
rNeg    . . .        d - +0 troll leather armour
rPois   .            (helmet restricted)
rElec   .            M - +1 cloak
rCorr   .            (gloves unavailable)
SInv    .            (boots unavailable)
Will    +....        m - amulet of regeneration
Stlth   +            i - +6 ring of strength
HPRegen 2.00/turn    n - +4 ring of slaying
MPRegen 0.12/turn

%: no passive effects
@: about to teleport, studying Maces & Flails
A: large, unfitting armour, tough skin 1
a: Renounce Religion, Berserk, Trog's Hand, Brothers in Arms


You were on level 10 of the Dungeon.
You worshipped Trog.
Trog was greatly pleased with you.
You visited 1 branch of the dungeon, and saw 10 of its levels.
You also visited: Sewer.

You collected 579 gold pieces.
You spent 361 gold pieces at shops.


Innate Abilities, Weirdness & Mutations

You are too large for most types of armour.
You have tough skin. (AC +1)


   Skills:
 - Level 11.0 Fighting
 * Level 10.5 Maces & Flails
 * Level 9.2 Throwing
 + Level 7.7 Armour
 - Level 2.6 Dodging


You had 10 spell levels left.
You didn't know any spells.
Your spell library was empty.

Inventory:

Hand Weapons
 g - a +4 whip
   (You took it off a kobold on level 1 of the Dungeon)
 s - a +0 flail of protection (weapon)
   (You took it off an orc on level 3 of the Dungeon)
 x - a +0 giant club
   (You took it off an ogre on level 4 of the Dungeon)
 A - a +0 giant spiked club of protection
   (You took it off an ogre on level 6 of the Dungeon)
Missiles
 r - 8 boomerangs (quivered)
 t - 3 throwing nets
Armour
 b - a +1 animal skin
 d - a +0 troll leather armour (worn)
   (You found it on level 9 of the Dungeon)
 j - a scarf of shadows
   (You found it on level 1 of the Dungeon)
 G - a +0 cloak
   (You took it off Maurice on level 9 of the Dungeon)
 M - a +1 cloak (worn)
   (You bought it in a shop on level 10 of the Dungeon)
Jewellery
 i - a +6 ring of strength (left hand)
   (You found it on level 2 of the Dungeon)
 m - an amulet of regeneration (around neck)
   (You found it on level 2 of the Dungeon)
 n - a +4 ring of slaying (right hand)
   (You found it on level 3 of the Dungeon)
 D - a ring of see invisible
   (You found it on level 7 of the Dungeon)
 J - a ring of ice
   (You took it off Fannar on level 10 of the Dungeon)
Wands
 a - a wand of polymorph (23)
   (You found it on level 4 of the Dungeon)
 o - a wand of digging (6)
   (You took it off Maurice on level 9 of the Dungeon)
 u - a wand of roots (27)
   (You found it on level 4 of the Dungeon)
 w - a wand of acid (27)
   (You found it on level 4 of the Dungeon)
 y - a wand of paralysis (16)
   (You found it on level 5 of the Dungeon)
Scrolls
 k - 3 scrolls of teleportation
 p - a scroll of identify
 H - 2 scrolls of enchant armour
 I - a scroll of brand weapon
 K - a scroll of silence
 L - a scroll of enchant weapon
Potions
 c - 3 potions of might
 e - a potion of curing
 f - 3 potions of invisibility
 h - 3 potions of resistance {unknown}
 l - 2 potions of enlightenment
 q - 2 potions of mutation
 v - 4 potions of lignification
 z - 3 potions of degeneration {unknown}
 B - 2 potions of attraction
 C - 2 potions of magic
 E - a potion of haste
 F - a potion of brilliance

Dungeon Overview and Level Annotations

Branches:
Dungeon (10/15) Zot: 25610  Temple (0/1) D:5            Lair (0/5) D:8
    Orc (0/2) D:10          Sewer (visited)

Altars:
Dithmenos
Hepliaklqana
Kikubaaqudgha
Qazlal
Uskayaw
Yredelemnul
The Shining One

Shops:
D:3 !   D:9 !   D:10 [

Annotations:
D:3 3 runed translucent doors, BlasphemerAmon's ghost, weakling AtFi
D:10 3 runed translucent doors, BlueFish's ghost, novice DrAr

.#...#..###...##..#
##...#........##..#
.....#.#####..##..#
.....#.# #..##..#
.....#.# #......#
###'##.# #..##..##
.......# #..##...##
.......# #..#§....#
.......# #..#§@§.§#
.......# #..##z9§##
.......# #..##§§§#
.......# #..##§§§#
.......# #..##§§§#
.......#####..##§§§#
..............##§§§#
.......#########§§§#####
.......# #...§§§§§...#


You could see a skeletal warrior and a gargoyle.


Message History

Unknown command. 😕 HP[+2]
You regained 2 hp, and now have 103/120 hp.
You see here a steam dragon corpse.
e - 2 potions of curing (gained 1);
L - a scroll of enchant weapon You now have 396 gold pieces (gained 8).
Things that are here:
a +0 dagger; a +0 robe; an orc corpse 😎 HP[+17]
Your hp is fully restored (120).
You now have 420 gold pieces (gained 24).
Items here: ( )) [ ††.
Key pressed, stopping explore.
Key pressed, stopping explore.
Key pressed, stopping explore.
Key pressed, stopping explore.
There is an open door here.
There is an open door here.
Key pressed, stopping explore.
There is an open door here.
Key pressed, stopping explore.
There is an open door here.
There is an open door here.
Key pressed, stopping explore.
There is an open door here.
There is an open door here.
Key pressed, stopping explore.
Key pressed, stopping explore.
Found Core's Antique Armour Shoppe.
You see here a book of Weapons.
There is an entrance to Core's Antique Armour Shoppe here.
M - a +1 cloak Thank you for shopping at Core's Antique Armour Shoppe!
You start removing your armour.
You continue taking off your scarf of shadows. x4
You finish taking off your scarf of shadows.
The dungeon's light returns to normal.
You start putting on your armour.
You continue putting on your +1 cloak. x5
You finish putting on your +1 cloak.
Key pressed, stopping explore.
A skeletal warrior comes into view. It is wielding a +5 flail.
Found a faded altar of an unknown god.
A skeletal warrior is nearby!
A skeletal warrior is nearby!
A skeletal warrior is nearby!
A gargoyle comes into view. It is wielding a +6 quarterstaff.
Found a hazy altar of Hepliaklqana.
The gargoyle hits you with a +6 quarterstaff! 😕 HP[-14]
You take 14 damage, and now have 106/120 hp.
The gargoyle barely misses you.
The skeletal warrior hits you with a +5 flail!! 😮 HP[-18]
You take 18 damage, and now have 88/120 hp.
The gargoyle hits you with a +6 quarterstaff! 😮 HP[-5]
You take 5 damage, and now have 83/120 hp.
Unknown command.
The skeletal warrior attacks as you move away!
The skeletal warrior barely misses you. 😮 HP[+2]
You regained 2 hp, and now have 85/120 hp.
The gargoyle attacks as you move away! The gargoyle barely misses you.
The skeletal warrior attacks as you move away!
The skeletal warrior hits you with a +5 flail! 😮 HP[-13]
You take 13 damage, and now have 72/120 hp.
The skeletal warrior attacks as you move away!
The skeletal warrior hits you with a +5 flail!
* * * LOW HITPOINT WARNING * * *
😮 HP[-11]
You take 11 damage, and now have 61/120 hp.
The gargoyle attacks as you move away!
The gargoyle barely misses you. 😮 HP[+2]
You regained 2 hp, and now have 63/120 hp.
The gargoyle hurls a stone arrow at you.
The stone arrow hits you!
* * * LOW HITPOINT WARNING * * *
😨 HP[-13]
You take 13 damage, and now have 50/120 hp. 😨 HP[+2]
You regained 2 hp, and now have 52/120 hp.
The skeletal warrior attacks as you move away!
The skeletal warrior hits you with a +5 flail!!
* * * LOW HITPOINT WARNING * * *
The gargoyle hurls a stone arrow at you.
The stone arrow hits you.
* * * LOW HITPOINT WARNING * * *
😱 HP[-32]
You take 32 damage, and now have 20/120 hp.
MASSIVE DAMAGE!! (PAUSE)
As you read the scroll of teleportation, it crumbles to dust.
You feel strangely unstable.
The skeletal warrior hits you with a +5 flail!!
* * * LOW HITPOINT WARNING * * *
😱 HP[-18]
You take 18 damage, and now have 2/120 hp.
You feel better.
The skeletal warrior hits you with a +5 flail!!
You die...

Skill      XL: |  1  2  3  4  5  6  7  8  9 10 11 |
---------------+----------------------------------+-----
Maces & Flails | 3 4 5 7 9 10 | 10.5
Armour         | 1 2 3 4 5 7 |  7.7
Fighting       | 5 6 7 8 10 11 | 11.0
Throwing       | 1 2 3 5 6 8 9 |  9.2
Dodging        | |  2.6

Action                     |  1- 3 |  4- 6 |  7- 9 | 10-12 || total
---------------------------+-------+-------+-------+-------++-------
  Melee: Mace              |    41 |       |       |       ||    41
         Punch             |     1 |     2 |     5 |     3 ||    11
         Whip              |    57 |    13 |       |       ||    70
         Flail             |       |    89 |   303 |   318 ||   710
         Giant spiked club |       |       |     7 |       ||     7
 Invoke: Berserk           |       |     3 |     1 |     3 ||     7
         Trog's Hand       |       |     1 |     5 |     3 ||     9
         Brothers in Arms  |       |       |       |     1 ||     1
    Use: Scroll            |     6 |     4 |    10 |     4 ||    24
         Potion            |       |     1 |     1 |     3 ||     5
 Armour: Animal skin       |    30 |    48 |   139 |   108 ||   325
         Troll leather arm |       |       |       |    84 ||    84
  Dodge: Dodged            |    46 |    55 |   164 |   190 ||   455

Levels and vault maps discovered:
D:1:      minmay_arrival_radiant_lines, layout_rooms
D:2:      layout_basic
D:3:      layout_basic, nicolae_yredelemnul_ghost_church, serial_shops, shop
D:4:      layout_basic, nicolae_uskayaw_murder_on_the_dancefloor
D:5:      layout_rooms, temple_pool_b, gup_sewer_entry_glass
D:6:      nicolae_cairo_tiling_large, layout_gridville,
          minmay_increasing_density
D:7:      layout_rooms, uniq_menkaure
D:8:      layout_cave_pools, mainiacjoe_overflow_alcove_3, dpeg_oklobed_lair,
          uniq_erica
D:9:      layout_stronghold, serial_shops, nicolae_shop_tiny_glass, uniq_maurice
D:10:     kennysheep_blocky_room, layout_long_grid,
          beargit_hepliaklqana_dungeon_heroes,
          kennysheep_orc_monster_closet_entryway, serial_shops, shop,
          gammafunk_ghost_spectres, roderic_filled_cross, uniq_fannar

Notes
Turn   | Place    | Note
-------+----------+-------------------------------------------
     0 | D:1      | ytrimaz the Ogre Berserker began the quest for the Orb.
     0 | D:1      | Reached XP level 1. HP: 24/24 MP: 1/1
     0 | D:1      | magus.rc [v1.9.6]
   128 | D:1      | Reached XP level 2. HP: 30/32 MP: 2/2
   231 | D:1      | Reached skill level 3 in Maces & Flails
   347 | D:1      | Reached ** piety under Trog
   694 | D:2      | Reached skill level 1 in Armour
   705 | D:2      | Reached XP level 3. HP: 40/40 MP: 3/3
  1698 | D:3      | Found a runed translucent gate.
  1698 | D:3      | Found a runed translucent gate.
  1698 | D:3      | Noticed BlasphemerAmon's ghost (weakling AtFi)
  1699 | D:3      | Found a runed translucent gate.
  1700 | D:3      | Found a basalt altar of Yredelemnul.
  1710 | D:3      | Reached skill level 5 in Fighting
  1710 | D:3      | Reached XP level 4. HP: 42/50 MP: 4/4
  1723 | D:3      | Reached skill level 1 in Throwing
  1756 | D:3      | Reached XP level 5. HP: 57/57 MP: 5/5
  1775 | D:3      | Found Zekk's Distillery.
  1779 | D:3      | Bought a potion of lignification for 30 gold pieces
  1779 | D:3      | Bought a potion of curing for 30 gold pieces
  1953 | D:3      | Reached skill level 2 in Armour
  2149 | D:4      | Reached *** piety under Trog
  2198 | D:4      | HP: 14/58 [orc/+0 hand axe (2)]
  2205 | D:4      | Reached skill level 2 in Throwing
  2205 | D:4      | Reached XP level 6. HP: 20/67 MP: 6/6
  2207 | D:4      | HP: 20/100 [orc/+0 hand axe (5)]
  2285 | D:4      | Found a hide-covered altar of Uskayaw.
  2336 | D:4      | Noticed an orc warrior
  2344 | D:4      | Killed an orc warrior
  2345 | D:4      | Reached skill level 6 in Fighting
  2345 | D:4      | Reached skill level 4 in Maces & Flails
  2442 | D:4      | Reached XP level 7. HP: 76/76 MP: 7/7
  2598 | D:4      | Reached skill level 3 in Throwing
  2678 | D:5      | Entered Level 5 of the Dungeon
  2689 | D:5      | Reached skill level 3 in Armour
  2745 | D:5      | Found a staircase to the Ecumenical Temple.
  2795 | D:5      | Found a glowing drain.
  2895 | Sewer    | Entered a sewer
  2914 | Sewer    | Reached skill level 7 in Fighting
  2970 | Sewer    | Reached XP level 8. HP: 81/87 MP: 8/8
  3030 | Sewer    | Reached skill level 5 in Maces & Flails
  3105 | Sewer    | Reached skill level 4 in Throwing
  4066 | D:6      | Reached skill level 4 in Armour
  4083 | D:6      | Reached skill level 8 in Fighting
  4132 | D:6      | Reached **** piety under Trog
  4174 | D:6      | Reached skill level 5 in Throwing
  4174 | D:6      | Reached XP level 9. HP: 89/97 MP: 9/9
  4392 | D:6      | Reached skill level 6 in Maces & Flails
  5060 | D:7      | Reached skill level 9 in Fighting
  5154 | D:7      | Reached skill level 5 in Armour
  5155 | D:7      | Noticed Menkaure
  5162 | D:7      | Killed Menkaure
  5464 | D:7      | Reached skill level 6 in Throwing
  5470 | D:7      | HP: 22/100 [killer bee (7)]
  5476 | D:7      | HP: 25/100 [killer bee (2)]
  5489 | D:7      | HP: 24/100 [killer bee (2)]
  5494 | D:7      | HP: 10/100 [poisoned by a killer bee]
  5499 | D:7      | HP: 17/150 [poisoned by a killer bee]
  5500 | D:7      | HP: 7/150 [poisoned by a killer bee]
  5503 | D:7      | HP: 3/150 [poisoned by a killer bee]
  5508 | D:7      | HP: 2/100 [poisoned by a killer bee]
  5675 | D:8      | Found a staircase to the Lair.
  5774 | D:8      | Noticed Erica
  5785 | D:8      | Killed Erica
  5786 | D:8      | Reached skill level 10 in Fighting
  5786 | D:8      | Reached skill level 7 in Maces & Flails
  5786 | D:8      | Reached XP level 10. HP: 70/110 MP: 10/10
  6114 | D:8      | Reached skill level 6 in Armour
  6133 | D:8      | Found a glowing golden altar of the Shining One.
  6136 | D:8      | Found an ancient bone altar of Kikubaaqudgha.
  6137 | D:8      | Found a shadowy altar of Dithmenos.
  6137 | D:8      | Found a stormy altar of Qazlal.
  6210 | D:9      | Found Ziodunt's Distillery.
  6224 | D:9      | Reached skill level 7 in Throwing
  6264 | D:9      | Bought a potion of enlightenment for 55 gold pieces
  6264 | D:9      | Bought a potion of might for 44 gold pieces
  6493 | D:9      | Identified a scroll of acquirement
  6493 | D:9      | Acquired a manual of Maces & Flails
  6753 | D:9      | Noticed Maurice
  6775 | D:9      | Killed Maurice
  7077 | D:10     | Entered Level 10 of the Dungeon
  7109 | D:10     | Found a staircase to the Orcish Mines.
  7121 | D:10     | Reached skill level 8 in Maces & Flails
  7127 | D:10     | Reached skill level 11 in Fighting
  7160 | D:10     | HP: 24/111 [orc warrior/arrow (10)]
  7169 | D:10     | HP: 21/111 [orc warrior/arrow (18)]
  7173 | D:10     | HP: 7/111 [orc warrior/arrow (7)]
  7195 | D:10     | HP: 22/113 [gnoll sergeant/+0 vampiric spear (11)]
  7586 | D:10     | Reached skill level 8 in Throwing
  7594 | D:10     | Noticed a two-headed ogre
  7608 | D:10     | Killed a two-headed ogre
  7609 | D:10     | Reached skill level 9 in Maces & Flails
  7609 | D:10     | Reached skill level 7 in Armour
  7609 | D:10     | Reached XP level 11. HP: 120/120 MP: 11/11
  7633 | D:10     | Noticed an orc knight
  7641 | D:10     | Noticed a deep elf pyromancer
  7754 | D:9      | Killed an orc knight
  7806 | D:10     | Killed a deep elf pyromancer
  7807 | D:10     | Reached skill level 10 in Maces & Flails
  7830 | D:10     | Found a runed translucent gate.
  7831 | D:10     | Found a runed translucent gate.
  7832 | D:10     | Found a runed translucent gate.
  7834 | D:10     | Noticed BlueFish's ghost (novice DrAr)
  7973 | D:10     | Reached skill level 9 in Throwing
  8038 | D:10     | Noticed Fannar
  8055 | D:10     | Killed Fannar
  8381 | D:10     | Found Core's Antique Armour Shoppe.
  8388 | D:10     | Bought a runed cloak for 202 gold pieces
  8439 | D:10     | Found a faded altar of an unknown god.
  8439 | D:10     | Noticed a skeletal warrior
  8441 | D:10     | Found a hazy altar of Hepliaklqana.
  8450 | D:10     | HP: 21/120 [skeletal warrior/+5 flail (31)]
  8451 | D:10     | HP: 2/120 [skeletal warrior/+5 flail (20)]
  8452 | D:10     | Mangled by a skeletal warrior

Vanquished Creatures
  Fannar (D:10)
  Erica (D:8)
  A two-headed ogre (D:10)
  An orc knight (D:9)
  A deep elf pyromancer (D:10)
  Maurice (D:9)
  An unseen horror (D:10)
  A troll (D:9)
  A shadow (D:10)
  A wraith (D:9)
  2 wyverns
  A steam dragon (D:10)
  Menkaure (D:7)
  3 water moccasins
  5 orc warriors
  A sky beast (D:6)
  A black bear (D:5)
  An ice beast (D:7)
  5 ogres
  2 centaurs
  3 phantoms
  7 kobold brigands
  2 bullfrogs
  2 gnoll sergeants (D:10)
  2 scorpions (D:6)
  7 wights
  8 killer bees
  3 howler monkeys (D:10)
  3 hounds
  2 jellies
  5 orc priests
  2 scorpion zombies (D:3)
  3 sleepcaps
  8 iguanas
  13 orc wizards
  12 adders
  9 gnolls
  5 river rats (Sewer)
  2 shadow imps (D:6)
  3 white imps
  An ufetubus (D:6)
  3 worms
  3 dart slugs
  29 orcs
  3 endoplasms
  7 giant cockroaches
  4 hobgoblins
  3 jackals
  19 kobolds
  9 ball pythons
  4 bats
  4 frilled lizards
  7 goblins
  8 rats
237 creatures vanquished.

Vanquished Creatures (collateral kills)
  A troll (D:10)
  A hornet (D:10)
  A yak (D:10)
  An orc warrior (D:10)
  A kobold brigand (D:10)
5 creatures vanquished.

Vanquished Creatures (others)
  An orc wizard (D:10)
1 creature vanquished.

Grand Total: 243 creatures vanquished

Table legend:
 A = Non-vault XP
 B = Vault XP
 C = Vault XP percentage of total XP
 D = Non-vault monster count
 E = Vault monster count
 F = Vault count percentage of total count
                 A         B        C        D         E       F
            +---------+---------+-------+---------+---------+-------
      Total |    6121 |    8071 |  56.9 |     175 |      67 |  27.7
            +---------+---------+-------+---------+---------+-------
        D:1 |      30 |       0 |   0.0 |      19 |       0 |   0.0
        D:2 |      35 |       0 |   0.0 |      15 |       0 |   0.0
        D:3 |     111 |      73 |  39.7 |      14 |       2 |  12.5
        D:4 |     500 |       0 |   0.0 |      20 |       0 |   0.0
        D:5 |     571 |      19 |   3.2 |      15 |       4 |  21.1
        D:6 |     538 |     607 |  53.0 |      18 |       8 |  30.8
        D:7 |    1136 |     172 |  13.1 |      18 |       1 |   5.3
        D:8 |     753 |     831 |  52.5 |      13 |       1 |   7.1
        D:9 |    1177 |    1438 |  55.0 |      26 |       3 |  10.3
       D:10 |    1270 |    4612 |  78.4 |      17 |      27 |  61.4
      Sewer |       0 |     319 | 100.0 |       0 |      21 | 100.0
            +---------+---------+-------+---------+---------+-------

Skill      XL: |  1  2  3  4  5  6  7  8  9 10 11 |
---------------+----------------------------------+-----
Maces & Flails | 3 4 5 7 9 10 | 10.5
Armour         | 1 2 3 4 5 7 |  7.7
Fighting       | 5 6 7 8 10 11 | 11.0
Throwing       | 1 2 3 5 6 8 9 |  9.2
Dodging        | |  2.6

Action                     |  1- 3 |  4- 6 |  7- 9 | 10-12 || total
---------------------------+-------+-------+-------+-------++-------
  Melee: Mace              |    41 |       |       |       ||    41
         Punch             |     1 |     2 |     5 |     3 ||    11
         Whip              |    57 |    13 |       |       ||    70
         Flail             |       |    89 |   303 |   318 ||   710
         Giant spiked club |       |       |     7 |       ||     7
 Invoke: Berserk           |       |     3 |     1 |     3 ||     7
         Trog's Hand       |       |     1 |     5 |     3 ||     9
         Brothers in Arms  |       |       |       |     1 ||     1
    Use: Scroll            |     6 |     4 |    10 |     4 ||    24
         Potion            |       |     1 |     1 |     3 ||     5
 Armour: Animal skin       |    30 |    48 |   139 |   108 ||   325
         Troll leather arm |       |       |       |    84 ||    84
  Dodge: Dodged            |    46 |    55 |   164 |   190 ||   455

Illustrated notes

Table legend:
 A = Kills in this place as a percentage of kills in the entire game.
 B = Kills by you in this place as a percentage of kills by you in the entire game.
 C = Kills by friends in this place as a percentage of kills by friends in the entire game.
 D = Other kills in this place as a percentage of other kills in the entire game.
 E = Experience gained in this place as a percentage of experience gained in the entire game.
 F = Experience gained in this place divided by the number of levels of this place that you have seen.
                   A       B       C       D       E      F
               +-------+-------+-------+-------+-------+----------------------
         Total | 100.0 | 100.0 | 100.0 |   N/A | 100.0 | 1290.2
       Dungeon |  91.3 |  91.1 | 100.0 |   N/A |  97.8 | 1387.3
         Sewer |   8.7 |   8.9 |   0.0 |   N/A |   2.2 | 319.0
               +-------+-------+-------+-------+-------+----------------------

Table legend: (Time is in decaauts)
 A = Elapsed time spent in this place.
 B = Non-inter-level travel time spent in this place.
 C = Inter-level travel time spent in this place.
 D = Time resting spent in this place.
 E = Time spent auto-exploring this place.
 F = Levels seen in this place.
 G = Mean time per level.
                   A        B        C        D        E       F      G
               +--------+--------+--------+--------+--------+-----+--------+
         Total |   8571 |   8382 |    189 |    245 |   6108 |  11 |  779.2 |
       Dungeon |   7987 |   7798 |    189 |    245 |   5668 |  10 |  798.7 |
         Sewer |    583 |    583 |      0 |      0 |    440 |   1 |  583.0 |
               +--------+--------+--------+--------+--------+-----+--------+

Top non-repeatable levels by time:
    D:10: 1177 daAuts
     D:6: 1168 daAuts
     D:9: 1089 daAuts
     D:2: 1007 daAuts
     D:7: 700 daAuts
     D:4: 679 daAuts
     D:8: 585 daAuts
   Sewer: 583 daAuts
     D:1: 548 daAuts
     D:5: 537 daAuts
     D:3: 492 daAuts
